 Dungeon Crawl Stone Soup version 0.22-a0-614-g34fbaa0 (webtiles) character file.

166 pox the Sneak (level 5, 0/44 HPs)
             Began as a Naga Venom Mage on July 20, 2018.
             Slain by a worker ant (4 damage)
             ... on level 4 of the Dungeon.
             The game lasted 00:36:29 (4566 turns).

pox the Sneak (Naga Venom Mage)                     Turns: 4566, Time: 00:36:29

Health: 0/44       AC:  4    Str: 16    XL:     5   Next: 47%
Magic:  8/8        EV:  9    Int: 16    God:
Gold:   157        SH:  0    Dex: 14    Spells: 5/8 levels left

rFire    + . .     SeeInvis +   e - +0 dagger
rCold    x . .     Gourm    .   (no shield)
rNeg     . . .     Faith    .   a - +0 robe
rPois    +         Spirit   .   (helmet restricted)
rElec    .         Reflect  .   c - +1 cloak
rCorr    .         Harm     .   (no gloves)
MR       .....                  (no barding)
Stlth    +++.......             (no amulet)
HPRegen  0.14/turn              k - +6 ring of strength
MPRegen  0.11/turn              t - ring of fire

@: lethally poisoned (0 -> -1), heavily drained, very slow
A: large, horns 1, see invisible, agile 1, deformed body, poison resistance,
slowness 2, slow metabolism 1, spit poison 1, subdued magic 1, AC +1
a: Spit Poison


You were on level 4 of the Dungeon.
You were not hungry.

You visited 1 branch of the dungeon, and saw 4 of its levels.

You collected 157 gold pieces.

Inventory:

Hand Weapons
 d - a +0 spear
 e - a +0 dagger (weapon)
 i - a +0 dagger
 l - a +0 dagger
 o - a +0 morningstar
Missiles
 f - 133 stones
 h - 62 bolts
 j - 105 arrows
 m - a tomahawk (quivered)
 q - 14 poisoned needles
Armour
 a - a +0 robe (worn)
 c - a +1 cloak (worn)
Jewellery
 k - a +6 ring of strength (left hand)
 t - a ring of fire (right hand)
Scrolls
 b - 2 scrolls of amnesia
Potions
 g - a potion of lignification
Comestibles
 n - 2 rations


   Skills:
 + Level 1.6(0.0) Fighting
 - Level 1.2(0.0) Short Blades
 - Level 1.7(0.0) Dodging
 * Level 6.0(3.8) Stealth
 - Level 2.0(0.1) Spellcasting
 - Level 1.0(0.0) Conjurations
 - Level 0.4(0.0) Air Magic
 - Level 5.2(3.1) Poison Magic


You had 5 spell levels left.
You knew the following spells:

 Your Spells              Type           Power        Failure   Level  Hunger
a - Sting                 Conj/Pois      #...         11%         1    ##.....
b - Poisonous Vapours     Pois/Air       #.....       17%         2    ###....

Your spell library contained the following spells:

 Spells                   Type           Power        Failure   Level  Hunger
 Mephitic Cloud           Conj/Pois/Air  #.......     41%         3    ####...
 Venom Bolt               Conj/Pois      #.........   98%         5    ######.
 Olgreb's Toxic Radiance  Pois           #.......     52%         4    #####..


Dungeon Overview and Level Annotations

Branches:
Dungeon (4/15)
 Temple: D:4-7

Altars:
Ashenzari
Gozag
Hepliaklqana
Okawaru
Trog


Innate Abilities, Weirdness & Mutations

You cannot wear boots.
Your serpentine skin is tough. (AC +1)
You have supernaturally acute eyesight. (SInv)
Armour fits poorly on your strangely shaped body.
Your system is resistant to poisons. (rPois)
You cover ground very slowly.
You have a slow metabolism.
You can spit poison.
You have a pair of small horns on your head.
You are agile. (Dex +2)
Your spells are a little easier to cast, but a little less powerful.


Message History

The adder is almost dead.
The adder bites you.
The worker ant bites you but does no damage.
The adder bites you.
You are poisoned.
The adder poisons you!
You hit the adder.
You kill the adder!
Your base Stealth skill increases to level 6!
You feel sick. The worker ant barely misses you.
You hit the worker ant.
The worker ant is lightly wounded.
The worker ant bites you.
* * * LOW HITPOINT WARNING * * *
You hit the worker ant but do no damage.
The worker ant is lightly wounded.
The worker ant bites you.
* * * LOW HITPOINT WARNING * * *
You feel sick. The worker ant bites you.
You die...

#######........# #...........
#............†.# #........<..
...............# #...........
#.######.......#######...........
.................................
.#.#######.#################.###.
'#.#######.###...# .. #.# #.
...#...........#.#.# #.# #.
...#.#####.####a@..# ..# #.
...#.............### ##
.#W#.#####.###[.(.. #
.#.#........ #..#### #
.#.#.#####.. .... .#.#.# #..#....
.#.#.# #..#.... .....# #.....
##.###


You could see a worker ant.

Vanquished Creatures
  4 gnolls (D:3)
  6 adders
  3 worms
  2 dart slugs
  A leopard gecko (D:2)
  4 bats
  7 giant cockroaches
  6 goblins
  8 hobgoblins
  4 jackals (D:3)
  5 kobolds
  8 frilled lizards
  6 rats
64 creatures vanquished.

Vanquished Creatures (others)
  A plant (D:3)
1 creature vanquished.

Grand Total: 65 creatures vanquished

Notes
Turn   | Place    | Note
-------+----------+-------------------------------------------
     0 | D:1      | pox the Naga Venom Mage began the quest for the Orb.
     0 | D:1      | Reached XP level 1. HP: 15/15 MP: 3/3
   513 | D:1      | Gained mutation: You have a pair of small horns on your head. [potion of mutation]
   513 | D:1      | Gained mutation: Your spells are a little easier to cast, but a little less powerful. [potion of mutation]
   513 | D:1      | Gained mutation: You are agile. (Dex +2) [potion of mutation]
   719 | D:1      | Reached XP level 2. HP: 21/24 MP: 3/5
  1316 | D:2      | Learned a level 2 spell: Poisonous Vapours
  1453 | D:2      | Reached XP level 3. HP: 7/30 MP: 0/6
  1840 | D:2      | Found an opulent altar of Gozag.
  1897 | D:2      | Reached skill level 5 in Poison Magic
  1957 | D:2      | Found a shattered altar of Ashenzari.
  2091 | D:2      | Reached XP level 4. HP: 37/37 MP: 7/7
  2125 | D:2      | Found a bloodstained altar of Trog.
  2222 | D:2      | Found a hazy altar of Hepliaklqana.
  2226 | D:2      | Reached skill level 4 in Stealth
  2922 | D:3      | Reached skill level 5 in Stealth
  2930 | D:3      | Reached skill level 1 in Fighting
  2948 | D:3      | Reached skill level 1 in Short Blades
  2948 | D:3      | Reached XP level 5. HP: 36/44 MP: 0/8
  4045 | D:4      | Found an iron altar of Okawaru.
  4442 | D:4      | Noticed a phantom
  4563 | D:4      | Reached skill level 6 in Stealth
  4566 | D:4      | Slain by a worker ant

Vault maps used:
D:1:      dpeg_arrival_simpleton_c
D:2:      lemuel_doored_altar, evilmike_ruin_ashenzari, bloody_trog,
          old_standard_altar
D:3:      first_ration, chequers_big_river, kennysheep_generic_room_14
D:4:      okawaru_trees_1, portal_sewer_entry_e, minmay_goblin_outpost

Skill      XL: |  1  2  3  4  5 |
---------------+----------------+-----
Poison Magic   | 5 |  5.2
Stealth        | 5 6 |  6.0
Fighting       | 1 |  1.6
Short Blades   | 1 |  1.2
Dodging        | |  1.7
Spellcasting   | |  2.0
Conjurations   | |  1.0
Air Magic      | |  0.4

Action                   |  1- 3 |  4- 6 || total
-------------------------+-------+-------++-------
Melee: Unarmed           |     4 |       ||     4
       Dagger            |    37 |    47 ||    84
       Headbutt          |     3 |     9 ||    12
       Morningstar       |       |    12 ||    12
Throw: Stone             |     1 |       ||     1
       Tomahawk          |       |     4 ||     4
 Cast: Sting             |    29 |    26 ||    55
       Poisonous Vapours |    11 |    20 ||    31
 Abil: Spit Poison       |     6 |     4 ||    10
  Use: Potion            |     3 |     2 ||     5
       Scroll            |     1 |     7 ||     8
 Stab: Sleeping          |     3 |     4 ||     7
  Eat: Ration            |     1 |     2 ||     3
       Chunk             |       |     3 ||     3
Armor: Robe              |     7 |    13 ||    20
Dodge: Dodged            |    16 |    38 ||    54

Table legend:
 A = Spawn XP
 B = Non-spawn XP
 C = Spawn XP percentage of total XP
 D = Spawn monster count
 E = Non-spawn monster count
 F = Spawn count percentage of total count
 G = Total turns spent on level
                    A         B        C        D         E        F      G
               +---------+---------+-------+---------+---------+-------+---------
         Total |       0 |     238 |   0.0 |       0 |      64 |   0.0 |  4566
               +---------+---------+-------+---------+---------+-------+---------
           D:1 |       0 |      25 |   0.0 |       0 |      14 |   0.0 |  1308
           D:2 |       0 |      77 |   0.0 |       0 |      22 |   0.0 |  1373
           D:3 |       0 |     121 |   0.0 |       0 |      26 |   0.0 |  1623
           D:4 |       0 |      15 |   0.0 |       0 |       2 |   0.0 |   262
               +---------+---------+-------+---------+---------+-------+---------
